 Dungeon Crawl Stone Soup version 0.25-a0-185-g6cfeca75b2 (webtiles) character file.

Game seed: 14413924786972751879, levelgen mode: deterministic

99 Leeroy the Conjurer (level 4, -2/33 HPs)
             Began as a Draconian Conjurer on Nov 27, 2019.
             Hit by a boomerang thrown by an orc (6 damage)
             ... on level 3 of the Dungeon.
             The game lasted 00:03:11 (2839 turns).

Leeroy the Conjurer (Draconian Conjurer)            Turns: 2839, Time: 00:03:11

Health: -2/33      AC:  6    Str: 10    XL:     4   Next: 45%
Magic:  7/7        EV: 12    Int: 17    God:
Gold:   110        SH:  0    Dex: 11    Spells: 4/7 levels left

rFire    . . .     SeeInvis .   n - +0 short sword
rCold    . . .     Gourm    .   (no shield)
rNeg     . . .     Faith    .   (armour unavailable)
rPois    .         Spirit   .   (helmet restricted)
rElec    .         Reflect  .   (no cloak)
rCorr    .         Harm     .   (no gloves)
MR       .....                  k - +0 pair of boots
Stlth    ++........             (no amulet)
HPRegen  0.11/turn              (no ring)
MPRegen  0.10/turn              (no ring)

@: no status effects
A: unfitting armour, cold-blooded, AC +5
a: no special abilities


You were on level 3 of the Dungeon.
You were not hungry.

You visited 1 branch of the dungeon, and saw 3 of its levels.

You collected 110 gold pieces.

Inventory:

Hand Weapons
 d - a +0 dagger
 n - a +0 short sword (weapon)
Armour
 k - a +0 pair of boots (worn)
Magical Staves
 p - an uncursed staff of earth
Jewellery
 q - an uncursed ring of protection from magic {unknown}
Scrolls
 a - a scroll of magic mapping {unknown}
 c - 2 scrolls of remove curse {unknown}
 e - 6 scrolls of teleportation {unknown}
 f - a scroll of blinking {unknown}
 j - a scroll of identify {unknown}
 m - a scroll of immolation {unknown}
Potions
 g - a potion of heal wounds {unknown}
 h - 5 potions of curing {unknown}
 i - a potion of flight {unknown}
 l - a potion of haste {unknown}
Comestibles
 b - 4 rations
 o - 2 chunks of flesh


   Skills:
 - Level 1.7 Dodging
 - Level 1.7 Stealth
 - Level 2.0 Spellcasting
 + Level 6.0 Conjurations


You had 4 spell levels left.
You knew the following spells:

 Your Spells              Type           Power        Failure   Level  Hunger
a - Magic Dart            Conj           ###.         1%          1    #......
b - Searing Ray           Conj           ###...       2%          2    ###....

Your spell library contained the following spells:

 Spells                   Type           Power        Failure   Level  Hunger
 Iskenderun's Mystic Bla  Conj           ###.....     16%         4    #####..
 Dazzling Spray           Conj/Hex       ##....       17%         3    ###....
 Force Lance              Conj/Tloc      ##......     50%         4    #####..
 Fulminant Prism          Conj/Hex       ##........   50%         4    #####..


Dungeon Overview and Level Annotations

Branches:
Dungeon (3/15)

Altars:


Innate Abilities, Weirdness & Mutations

Your plain brown scales are hard. (AC +5)
You cannot fit into any form of body armour.
You are cold-blooded and may be slowed by cold attacks.


Message History

You are too injured to fight recklessly!
You are too injured to fight recklessly!
You hit the orc.
The orc is heavily wounded.
The orc closely misses you. The orc hits you but does no damage.
You completely miss the orc.
The orc is heavily wounded.
The orc closely misses you. The orc barely misses you.
You hit the orc but do no damage.
The orc is heavily wounded.
The orc hits you but does no damage. The orc closely misses you.
You hit the orc.
The orc is heavily wounded.
The orc hits you.
The orc wizard gestures at you while chanting.
The puff of flame hits you!
* * * LOW HITPOINT WARNING * * *
The orc closely misses you. The orc hits you but does no damage.
The orc throws a boomerang.
The boomerang hits you.
You die...

#. .# #. .#
#.########.#
######.#......^.#
.......#........#
.........)......#
#.....÷o......#
#.###.oo......#
#.#.@.....#
#.#.......###
#.............
#####....#####
##.#.# #.#.#
#.#.. .#.... # #
...


You could see an orc wizard and 2 orcs.

Vanquished Creatures
  Terence (D:3)
  2 adders (D:2)
  4 worms (D:2)
  2 dart slugs (D:1)
  A leopard gecko (D:1)
  3 bats
  2 giant cockroaches
  7 goblins
  5 hobgoblins
  2 ball pythons (D:1)
  3 frilled lizards
  5 kobolds
  3 rats
40 creatures vanquished.

Notes
Turn   | Place    | Note
-------+----------+-------------------------------------------
     0 | D:1      | Leeroy the Draconian Conjurer began the quest for the Orb.
     0 | D:1      | Reached XP level 1. HP: 14/14 MP: 3/3
   525 | D:1      | Reached XP level 2. HP: 9/20 MP: 5/5
  1545 | D:1      | Learned a level 2 spell: Searing Ray
  1619 | D:2      | Reached skill level 5 in Conjurations
  1632 | D:2      | Reached XP level 3. HP: 22/26 MP: 6/6
  2602 | D:2      | Reached XP level 4. HP: 26/33 MP: 2/7
  2782 | D:3      | Noticed Terence
  2791 | D:3      | Killed Terence
  2800 | D:3      | Reached skill level 6 in Conjurations
  2839 | D:3      | Hit by a boomerang thrown by an orc

Levels and vault maps discovered:
D:1:      wheals_arrival_shading, layout_basic, minmay_close_crescents
D:2:      layout_basic
D:3:      layout_loops_ring, uniq_terence

Skill      XL: |  1  2  3  4 |
---------------+-------------+-----
Conjurations   | 5 6 |  6.0
Dodging        | |  1.7
Stealth        | |  1.7
Spellcasting   | |  2.0

Action                   |  1- 3 |  4- 6 || total
-------------------------+-------+-------++-------
Melee: Unarmed           |    30 |       ||    30
       Dagger            |   126 |     5 ||   131
       Tailslap          |    14 |     2 ||    16
       Short sword       |       |    20 ||    20
 Cast: Magic Dart        |    11 |       ||    11
       Searing Ray       |     6 |     1 ||     7
  Eat: Chunk             |     6 |     1 ||     7
Armor: Skin              |    60 |    11 ||    71
Dodge: Dodged            |    97 |    38 ||   135

Table legend:
 A = Non-vault XP
 B = Vault XP
 C = Vault XP percentage of total XP
 D = Non-vault monster count
 E = Vault monster count
 F = Vault count percentage of total count
                 A         B        C        D         E       F
            +---------+---------+-------+---------+---------+-------
      Total |      99 |      43 |  30.3 |      36 |       4 |  10.0
            +---------+---------+-------+---------+---------+-------
        D:1 |      26 |       7 |  21.2 |      14 |       3 |  17.6
        D:2 |      70 |       0 |   0.0 |      20 |       0 |   0.0
        D:3 |       3 |      36 |  92.3 |       2 |       1 |  33.3
            +---------+---------+-------+---------+---------+-------
